 Dungeon Crawl Stone Soup version 0.18-a0-1683-gf9322e6 (webtiles) character file.

2224 namelastname112 the Carver (level 9, -3/118 HPs)
             Began as a Grey Draconian Berserker on Apr 3, 2016.
             Was an Elder of Trog.
             Slain by an orc warrior
             ... wielding a +0 trident
              (6 damage)
             ... on level 7 of the Dungeon.
             The game lasted 00:10:50 (6462 turns).

namelastname112 the Carver (DrBe)                   Turns: 6462, Time: 00:10:50

Health: -3/118     AC: 14    Str: 24    XL:     9   Next: 13%
Magic:  9/9        EV: 15    Int:  9    God:    Trog [****..]
Gold:   396        SH:  0    Dex: 13    Spells: 0 memorised, 8 levels left

rFire  . . .     SeeInvis .     a - +0 falchion
rCold  . . .     Gourm    .     (armour unavailable)
rNeg   . . .     Faith    .     (no shield)
rPois  .         Spirit   .     (helmet restricted)
rElec  .         Dismiss  .     (no cloak)
rCorr  .         Reflect  .     (no gloves)
SustAt .         Harm     .     (no boots)
MR     +....                    (no amulet)
Stlth  ..........               q - ring of protection from magic
                                m - +2 ring of protection

@: berserking, very quick, somewhat resistant to hostile enchantments, extremely
unstealthy
A: walk through water, unfitting armour, unbreathing, cold-blooded, AC +12
a: Berserk, Trog's Hand, Brothers in Arms, Burn Spellbooks, Renounce Religion


You were on level 7 of the Dungeon.
You worshipped Trog.
Trog was greatly pleased with you.
You were not hungry.

You visited 1 branch of the dungeon, and saw 7 of its levels.

You collected 396 gold pieces.

Inventory:

Hand Weapons
 a - a +0 falchion (weapon)
Jewellery
 j - an uncursed ring of wizardry
 l - an uncursed ring of ice
 m - a +2 ring of protection (left hand)
 q - a ring of protection from magic (right hand)
Wands
 B - a wand of lightning (5/15)
Scrolls
 e - a scroll of teleportation
 f - 4 scrolls of identify
 h - 3 scrolls of amnesia {unknown}
 i - a scroll of remove curse
 n - a scroll of magic mapping {unknown}
 p - 2 scrolls of enchant weapon {unknown}
 r - a scroll of recharging
 s - a scroll of fear {unknown}
 t - a scroll of noise {unknown}
 u - a scroll of immolation {unknown}
 w - a scroll of fog {unknown}
Potions
 d - a potion of lignification {unknown}
 g - 2 potions of curing {unknown}
 k - 2 potions of haste {unknown}
 o - a potion of resistance {unknown}
 z - a potion of invisibility {unknown}
Comestibles
 b - 3 bread rations
 c - 6 meat rations
 A - a slice of pizza


   Skills:
 + Level 7.5 Fighting
 * Level 9.4 Long Blades
 + Level 5.8 Dodging


You had 8 spell levels left.
You didn't know any spells.

Dungeon Overview and Level Annotations

Branches:
Dungeon (7/15)             Temple (0/1) D:5

Altars:
Ashenzari
Dithmenos
Elyvilon
Nemelex Xobeh
Qazlal
Xom
Zin


Innate Abilities, Weirdness & Mutations

You can walk through water.
Your dull iron-grey scales are very hard (AC +12).
Your body does not fit into most forms of armour.
You can survive without breathing.
You are cold-blooded and may be slowed by cold attacks.


Message History

* * * LOW HITPOINT WARNING * * *
You are too injured to fight recklessly!
You are too injured to fight recklessly!
You barely miss the orc warrior.
You hit the orc warrior but do no damage.
You slash the orc warrior!
The orc warrior is moderately wounded.
The orc warrior closely misses you.
You barely miss the orc warrior.
The orc warrior is moderately wounded.
You closely miss the orc warrior.
The orc warrior is moderately wounded.
The orc warrior hits you with a trident!
* * * LOW HITPOINT WARNING * * *
You hit the orc warrior but do no damage.
The orc warrior is moderately wounded.
You hit the orc warrior but do no damage.
The orc warrior is moderately wounded.
The orc warrior hits you with a trident.
You die...

... #.# #.# #.#
#.# #.#### #o...#
#@[..#
#########.)..#
#............##
...#...........(.#
#.######.!.####
######## #.# ####
.......###.#
...........#
......[#####


You could see an orc warrior.

Vanquished Creatures
  Sigmund (D:5)
  2 water moccasins
  2 orc warriors (D:7)
  An ice beast (D:6)
  A phantom (D:5)
  An ogre (D:6)
  2 centaurs
  3 giant frogs (D:6)
  2 scorpions
  5 wights (D:6)
  A crimson imp (D:5)
  A giant frog zombie (D:5)
  A hound (D:6)
  3 orc priests
  A giant frog skeleton (D:4)
  An iguana (D:4)
  3 worker ants (D:4)
  5 orc wizards
  A hound skeleton (D:4)
  A howler monkey zombie (D:6)
  A worker ant zombie (D:6)
  Robin (D:2)
  8 adders
  4 gnolls (D:4)
  A shadow imp (D:6)
  An ooze (D:2)
  3 worms
  3 dart slugs
  4 giant geckos
  21 orcs
  A ball python (D:1)
  5 giant cockroaches
  17 goblins
  6 hobgoblins
  8 jackals
  10 kobolds
  2 quokkas (D:4)
  4 bats
  A giant gecko zombie (D:5)
  4 giant newts
  2 quokka skeletons
  8 rats
153 creatures vanquished.

Notes
Turn   | Place    | Note
--------------------------------------------------------------
     0 | D:1      | namelastname112 the Draconian Berserker began the quest for the Orb.
     0 | D:1      | Reached XP level 1. HP: 19/19 MP: 1/1
   100 | D:1      | Reached XP level 2. HP: 23/26 MP: 2/2
   708 | D:2      | Reached ** piety under Trog
   766 | D:2      | Reached XP level 3. HP: 31/33 MP: 3/3
   845 | D:2      | Found a faded altar to an unknown god.
   997 | D:2      | Reached skill level 4 in Long Blades
  1357 | D:2      | Noticed Robin
  1363 | D:2      | Reached XP level 4. HP: 40/40 MP: 4/4
  1373 | D:2      | Killed Robin
  1721 | D:3      | HP: 2/60 [something (3)]
  1731 | D:3      | Reached *** piety under Trog
  1786 | D:3      | Reached XP level 5. HP: 15/47 MP: 5/5
  2557 | D:4      | Reached skill level 5 in Long Blades
  2935 | D:4      | Found a shadowy altar of Dithmenos.
  2942 | D:4      | Found a stormy altar of Qazlal.
  2947 | D:4      | Found a white marble altar of Elyvilon.
  2958 | D:4      | Found a shimmering altar of Xom.
  2965 | D:4      | Found a glowing silver altar of Zin.
  2970 | D:4      | Found a shattered altar of Ashenzari.
  2977 | D:4      | Found a sparkling altar of Nemelex Xobeh.
  3109 | D:4      | Reached XP level 6. HP: 31/53 MP: 6/6
  3814 | D:4      | Reached skill level 6 in Long Blades
  3816 | D:4      | Reached skill level 5 in Fighting
  4074 | D:4      | Reached **** piety under Trog
  4222 | D:5      | Entered Level 5 of the Dungeon
  4310 | D:5      | Your scales start taking on a dull iron-grey colour.
  4310 | D:5      | Reached XP level 7. HP: 50/61 MP: 7/7
  4310 | D:5      | Gained mutation: You can survive without breathing. [Grey Draconian growth]
  4376 | D:5      | Found a stormy altar of Qazlal.
  4445 | D:5      | Reached skill level 7 in Long Blades
  4965 | D:5      | Noticed Sigmund
  4974 | D:5      | Killed Sigmund
  4974 | D:5      | Reached XP level 8. HP: 70/70 MP: 8/8
  5138 | D:5      | Found a staircase to the Ecumenical Temple.
  5385 | D:6      | Reached skill level 8 in Long Blades
  5385 | D:6      | Reached skill level 5 in Dodging
  6076 | D:6      | Reached skill level 9 in Long Blades
  6155 | D:6      | Reached XP level 9. HP: 79/79 MP: 9/9
  6460 | D:7      | HP: 3/118 [orc warrior/trident (14)]
  6462 | D:7      | Slain by an orc warrior

Vault maps used:
D:1:      dpeg_arrival_houses_and_road
D:2:      kennysheep_goblin_castle, first_bread, ecumenical_altar_2,
          kennysheep_generic_room_13
D:3:      minmay_hedge_maze
D:4:      grunt_temple_overflow_octagram
D:5:      minmay_temple_entry_enclosed_plants, basic_altar, uniq_sigmund
D:6:      lemuel_ice_spiral_2
D:7:      kennysheep_orc_sif_temple, uniq_joseph

Skill      XL: |  1  2  3  4  5  6  7  8 |
---------------+-------------------------+-----
Long Blades    | 4 5 6 7 9 |  9.4
Fighting       | 4 5 6 7 |  7.5
Dodging        | 3 4 5 |  5.8

Action                   |  1- 3 |  4- 6 |  7- 9 || total
-------------------------+-------+-------+-------++-------
Melee: Falchion          |   114 |   241 |   276 ||   631
Invok: Berserk           |     1 |     5 |     6 ||    12
       Trog's Hand       |       |     2 |       ||     2
  Use: Scroll            |     5 |       |     1 ||     6
 Stab: Sleeping          |     2 |       |     2 ||     4
  Eat: Chunk             |     1 |    11 |    10 ||    22
       Meat ration       |       |     1 |       ||     1
       Pizza             |       |       |     1 ||     1
       Beef jerky        |       |       |     1 ||     1
